 Dungeon Crawl Stone Soup version 0.31-a0-986-g5e6e4ef867 (webtiles) character file.

Game seed: 15278451268750828574

2973 p00ps00p the Cleaver (level 9, -2/82 HPs)
             Began as a Hill Orc Fighter on Nov 10, 2023.
             Was an Initiate of Gozag.
             Killed from afar by an acid dragon (7 damage)
             ... with a splash of acid
             ... on level 7 of the Dungeon.
             The game lasted 00:13:26 (7486 turns).

p00ps00p the Cleaver (Hill Orc Fighter)             Turns: 7486, Time: 00:13:27

Health: -2/82      AC:  6    Str: 23    XL:     9   Next: 82%
Magic:  9/9        EV:  9    Int:  8    God:    Gozag
Gold:   96         SH: 11    Dex: 10    Spells: 8/8 levels left

rFire   + . .        j - +0 hand axe (heavy)
rCold   + . .        c - +1 buckler
rNeg    . . .        b - +0 scale mail
rPois   +            h - +0 helmet
rElec   +            m - +0 cloak
rCorr   +            (no gloves)
SInv    .            (no boots)
Will    .....        l - amulet of reflection Stlth
                     s - ring of resist corrosion
HPRegen 0.33/turn    (no ring)
MPRegen 0.11/turn

%: reflection
@: about to teleport, resistant, corroded, invisible
A: no striking features
a: Renounce Religion, Potion Petition, Call Merchant, Bribe Branch


You were on level 7 of the Dungeon.
You worshipped Gozag.
Gozag was noncommittal.
You visited 2 branches of the dungeon, and saw 8 of its levels.

You collected 596 gold pieces.
You paid 500 gold pieces to Gozag.

Inventory:

Hand Weapons
 a - a +2 war axe
 j - a +0 heavy hand axe (weapon)
Missiles
 i - 6 atropa-tipped darts
 k - 17 poisoned darts
 w - a throwing net
Armour
 b - a +0 scale mail (worn)
 c - a +1 buckler (worn)
 h - a +0 helmet (worn)
 m - a +0 cloak (worn)
Jewellery
 d - a ring of wizardry
 l - an amulet of reflection (around neck)
 s - a ring of resist corrosion (left hand)
 v - an amulet of the acrobat
Wands
 f - a wand of mindburst (11)
Scrolls
 e - a scroll of revelation
 t - 2 scrolls of noise
 u - a scroll of identify
 x - a scroll of vulnerability
Potions
 g - a potion of brilliance
 n - a potion of enlightenment
 o - 2 potions of lignification
 p - a potion of attraction
 r - 2 potions of invisibility {unknown}


   Skills:
 + Level 8.8 Fighting
 + Level 9.1 Axes
 + Level 8.0 Armour
 + Level 8.0 Shields


You had 8 spell levels left.
You didn't know any spells.
Your spell library contained the following spells:

 Spells                   Type           Power      Damage    Failure   Level
 Dazzling Flash           Conj/Hex       0%         N/A       98%         3
 Animate Armour           Summ/Erth      0%         N/A       100%        4
 Summon Lightning Spire   Summ/Air       0%         N/A       100%        4
 Agony                    Necr           0%         N/A       100%        5
 Lee's Rapid Deconstruct  Erth           0%         3d4*      100%        5
 Silence                  Hex/Air        0%         N/A       100%        5


Dungeon Overview and Level Annotations

Branches:
Dungeon (7/15)             Temple (1/1) D:5

Altars:
Ashenzari
Cheibriados
Elyvilon
Fedhas
Gozag
Hepliaklqana
Kikubaaqudgha
Makhleb
Okawaru
Qazlal
Sif Muna
Trog
Uskayaw
Vehumet
Wu Jian
Yredelemnul
The Shining One


Message History

You are too injured to fight recklessly!
You are too injured to fight recklessly!
You are too injured to fight recklessly!
You are too injured to fight recklessly!
You hit the acid dragon but do no damage.
The acid dragon spits acid at you. The splash of acid hits you! You resist.
You hear a shout!
You hit the acid dragon but do no damage.
You block the acid dragon's attack. x3
The acid dragon claws you but does no damage.
An orc wizard comes into view. It is wielding a +0 whip.
You hit the acid dragon but do no damage.
The acid dragon barely misses you. x2
You closely miss the acid dragon. The acid dragon bites you!
* * * LOW HITPOINT WARNING * * *
You block the acid dragon's attack. The acid dragon spits acid at you.
The splash of acid hits you. You resist.
* * * LOW HITPOINT WARNING * * *
As you read the scroll of teleportation, it crumbles to dust.
You feel strangely unstable.
You block the acid dragon's attack. x2 [a] - 414 gold - resistance and invisibility [b] - 783 gold - haste, heal wounds, invisibility and might [c] - 375 gold - resistance and enlightenment Purchase which effect? [a] - 414 gold - resistance and invisibility [b] - 783 gold - haste, heal wounds, invisibility and might [c] - 375 gold - resistance and enlightenment Purchase which effect?
You no longer have enough gold to petition Gozag for potion effects.
You feel protected.
You fade into invisibility!
The acid dragon spits acid at you. The splash of acid hits you! You resist.
* * * LOW HITPOINT WARNING * * *
The acid corrodes you!
The acid dragon spits acid at something.
The splash of acid hits you! You resist.
You die...
Your body crumbles into a pile of gold.

#............#
#...........#
#..........#
#..........#
#.........#
##.......$.#
#.....$.$$.# ##
#......$$..## #.#
#oD.@...$...##..#
#......###..#..#
#.......###
##.(## .'##....##
##..## ######
##..## ##..##
#[..# ##..##
##..##


You could see an acid dragon (unable to see you, catching breath) and an orc
wizard (unable to see you).

Vanquished Creatures
  Grinder (D:5)
  Prince Ribbit (D:6)
  Sigmund (D:2)
  A steam dragon (D:7)
  A water moccasin (D:7)
  An orc warrior (D:7)
  2 black bears (D:4)
  2 ogres
  A centaur (D:5)
  A phantom (D:6)
  A kobold brigand (D:6)
  Blork the orc (D:4)
  A bullfrog (D:7)
  3 scorpions
  4 wights (D:7)
  5 killer bees (D:6)
  4 howler monkeys
  2 jellies
  2 orc priests (D:4)
  A gnoll bouda (D:6)
  3 hounds
  An iguana (D:6)
  A sleepcap (D:4)
  An orc wizard (D:4)
  14 gnolls
  5 adders
  3 white imps
  A worm (D:6)
  3 dart slugs
  21 orcs
  10 endoplasms
  2 giant cockroaches
  8 goblins
  9 hobgoblins
  4 quokkas
  8 ball pythons
  6 bats
  4 frilled lizards
  10 kobolds
  4 rats
154 creatures vanquished.

Notes
Turn   | Place    | Note
-------+----------+-------------------------------------------
     0 | D:1      | p00ps00p the Hill Orc Fighter began the quest for the Orb.
     0 | D:1      | Reached XP level 1. HP: 19/19 MP: 1/1
   135 | D:1      | Reached skill level 3 in Axes
   135 | D:1      | Reached XP level 2. HP: 27/27 MP: 2/2
   241 | D:1      | Reached XP level 3. HP: 4/33 MP: 3/3
  1339 | D:2      | Noticed Sigmund
  1344 | D:2      | Killed Sigmund
  1345 | D:2      | Reached skill level 4 in Axes
  1345 | D:2      | Reached XP level 4. HP: 38/41 MP: 4/4
  1345 | D:2      | Reached XP level 5. HP: 43/47 MP: 5/5
  1348 | D:2      | Reached skill level 5 in Fighting
  1473 | D:2      | Reached XP level 6. HP: 56/56 MP: 6/6
  2855 | D:4      | Noticed Blork the orc
  2861 | D:4      | Killed Blork the orc
  2862 | D:4      | Reached skill level 5 in Axes
  2892 | D:4      | Reached skill level 5 in Armour
  2892 | D:4      | Reached skill level 5 in Shields
  2958 | D:4      | Reached XP level 7. HP: 61/61 MP: 7/7
  3245 | D:4      | Reached skill level 6 in Axes
  3297 | D:4      | You fall into a shaft and drop 1 floor!
  3297 | D:5      | Entered Level 5 of the Dungeon
  3345 | D:5      | Noticed Grinder
  3351 | D:5      | Paralysed by Grinder for 4 turns
  3727 | D:4      | Reached XP level 8. HP: 24/71 MP: 8/8
  4363 | D:5      | Found a bloodstained altar of Trog.
  4492 | D:5      | Paralysed by Grinder for 2 turns
  4604 | D:5      | Killed Grinder
  4605 | D:5      | Reached skill level 7 in Axes
  4665 | D:5      | Found a staircase to the Ecumenical Temple.
  4776 | D:5      | Found an opulent altar of Gozag.
  5110 | Temple   | Entered the Ecumenical Temple
  5191 | D:5      | Became a worshipper of Gozag Ym Sagoz the Greedy
  5269 | D:6      | Reached XP level 9. HP: 12/80 MP: 9/9
  5667 | D:6      | Noticed Prince Ribbit
  5676 | D:6      | Reached skill level 8 in Axes
  5681 | D:6      | Killed Prince Ribbit
  6586 | D:6      | Found a snail-covered altar of Cheibriados.
  7278 | D:7      | Reached skill level 9 in Axes
  7485 | D:7      | HP: 4/82 [acid dragon/splash of acid (11)]
  7486 | D:7      | Killed from afar by an acid dragon

Illustrated notes

Levels and vault maps discovered:
D:1:      spicycebolla_green_bress_n_ham_2, layout_basic,
          minmay_misc_feat_plants, grunt_decor_fettered,
          hangedman_decor_riveting
D:2:      layout_loops_cross, uniq_sigmund
D:3:      layout_rooms, serial_bayou, serial_bayou_lagoon_b,
          serial_bayou_pond_e, serial_bayou_pond_a, serial_bayou_lagoon_a,
          grunt_decor_resistance, serial_bayou_lake_a
D:4:      layout_rooms, serial_forest, infiniplex_forest_clump_tiny,
          infiniplex_forest_lined_1, infiniplex_forest_fountain,
          infiniplex_forest_lined_corner, infiniplex_forest_lined_ring,
          infiniplex_forest_corner_1, uniq_blork_the_orc
D:5:      layout_loops_ring, lemuel_tele_altar,
          nicolae_gozag_cash_rules_everything_around_me, temple_hall,
          uniq_grinder
D:6:      layout_loops_ring, cheibrodos_worm_habitat, uniq_prince_ribbit1
D:7:      layout_cave_pods, grunt_temple_overflow_order_and_chaos_1,
          mainiacjoe_overflow_two_lobes, serial_shops,
          nicolae_shop_bloodbath_and_beyond, nrook_mini_vaults,
          nicolae_houndstooth_variations
Temple:   jpeg_temple_clearing

Skill      XL: |  1  2  3  4  5  6  7  8  9 |
---------------+----------------------------+-----
Axes           | 3 4 5 6 7 9 |  9.1
Fighting       | 4 5 6 7 8 |  8.8
Armour         | 4 5 6 8 |  8.0
Shields        | 4 5 7 8 |  8.0

Action                     |  1- 3 |  4- 6 |  7- 9 || total
---------------------------+-------+-------+-------++-------
  Melee: War axe           |    69 |   146 |     2 ||   217
         Hand axe          |       |       |   265 ||   265
 Invoke: Potion Petition   |       |       |     1 ||     1
  Evoke: Wand              |       |       |     3 ||     3
    Use: Potion            |     1 |       |     7 ||     8
         Scroll            |       |     8 |     9 ||    17
 Armour: Scale mail        |    40 |    83 |   255 ||   378
         Skin              |       |       |    10 ||    10
  Dodge: Dodged            |    33 |    56 |   121 ||   210
  Block: Buckler           |    19 |    92 |   241 ||   352
         Reflection        |       |     4 |     6 ||    10

Table legend: (Time is in decaauts)
 A = Elapsed time spent in this place.
 B = Non-inter-level travel time spent in this place.
 C = Inter-level travel time spent in this place.
 D = Time resting spent in this place.
 E = Time spent auto-exploring this place.
 F = Levels seen in this place.
 G = Mean time per level.
                   A        B        C        D        E       F      G
               +--------+--------+--------+--------+--------+-----+--------+
         Total |   7718 |   7363 |    355 |   1852 |   4247 |   8 |  964.8 |
       Dungeon |   7716 |   7362 |    354 |   1852 |   4247 |   7 | 1102.3 |
        Temple |      1 |      0 |      1 |      0 |      0 |   1 |    1.0 |
               +--------+--------+--------+--------+--------+-----+--------+

Top non-repeatable levels by time:
     D:6: 1787 daAuts
     D:4: 1472 daAuts
     D:1: 1280 daAuts
     D:3: 1017 daAuts
     D:5: 923 daAuts
     D:2: 674 daAuts
     D:7: 561 daAuts
  Temple: 1 daAuts
